 Dungeon Crawl Stone Soup version 0.29-a0-338-g1ff7896281 (webtiles) character file.

Game seed: 1615858421997097310

163 bande the Skirmisher (level 5, 0/33 HPs)
             Began as a Gargoyle Fighter on Apr 17, 2022.
             Killed by nerve-wracking pain
             ... invoked by Menkaure
              (2 damage)
             ... on level 4 of the Dungeon.
             The game lasted 00:05:03 (3216 turns).

bande the Skirmisher (Gargoyle Fighter)             Turns: 3216, Time: 00:05:03

Health: 0/33       AC: 15    Str: 20    XL:     5   Next: 44%
Magic:  5/5        EV:  7    Int:  8    God:
Gold:   81         SH:  4    Dex: 11    Spells: 4/4 levels left

rFire   . . .      SeeInvis .   a - +0 war axe
rCold   . . .      Faith    .   c - +0 buckler
rNeg    + . .      Spirit   .   q - +0 chain mail
rPois   ∞          Reflect  .   l - +1 hat
rElec   +          Harm     .   (no cloak)
rCorr   .          Rampage  .   (no gloves)
Will    +....                   (no boots)
Stlth   ..........              (no amulet)
HPRegen 0.11/turn               n - ring of flight
MPRegen 0.09/turn               k - ring of willpower

@: flying
A: sickness immunity, AC +4, negative energy resistance 1, electricity
resistance, torment resistance 1, petrification resistance, shaggy fur 1
a: no special abilities


You were on level 4 of the Dungeon.
You visited 1 branch of the dungeon, and saw 4 of its levels.

You collected 81 gold pieces.

Inventory:

Hand Weapons
 a - a +0 war axe (weapon)
 o - a +1 mace of holy wrath
Armour
 c - a +0 buckler (worn)
 l - a +1 hat (worn)
 m - the +0 ring mail "Wuiwoimait" {rC+}
   (You found it on level 2 of the Dungeon)

   rC:        It protects you from cold.
 q - a +0 chain mail (worn)
Jewellery
 k - a ring of willpower (right hand)
 n - a ring of flight (left hand)
Wands
 h - a wand of charming (10)
Potions
 d - 3 potions of might
 e - a potion of berserk rage {unknown}
 f - 2 potions of ambrosia
 g - a potion of degeneration {unknown}
 i - a potion of mutation
 j - a potion of invisibility {unknown}
 p - 2 potions of curing {unknown}


   Skills:
 + Level 4.2 Fighting
 + Level 3.2 Axes
 + Level 4.2 Armour
 + Level 3.7 Shields
 * Level 1.0 Evocations


You had 4 spell levels left.
You didn't know any spells.
Your spell library was empty.

Dungeon Overview and Level Annotations

Branches:
Dungeon (4/15)
 Temple: D:4-7

Altars:
Ashenzari
Kikubaaqudgha
Xom

Shops:
D:3 *

Annotations:
D:4 Menkaure


Innate Abilities, Weirdness & Mutations

You are immune to sickness and miasma.
Your stone body is resilient. (AC +4)
You are immune to poison.
You resist negative energy. (rN+)
You are resistant to electric shocks. (rElec)
You are resistant to unholy torment.
You are immune to petrification.
You are covered in fur. (AC +1)


Message History

Found 2 white potions.
The adder hisses angrily.
The adder bites you.
You miss the adder. The adder bites you.
The adder bites you but does no damage.
You slash the adder!
You kill the adder!
No target in view!
No target in view!
No target in view!
No target in view!
No target in view!
HP restored.
Found 9 stones.
p - 2 white potions
As you read the scroll of identify, it crumbles to dust.
f - 2 potions of ambrosia You reach down and open the door.
There is an open door here.
Menkaure, Prince of Dust comes into view.
Menkaure shouts!
Menkaure is nearby!
Menkaure is nearby!
Menkaure hits you!
You slash Menkaure!
Menkaure is moderately damaged.
Menkaure hits you!
* * * LOW HITPOINT WARNING * * *
You hit Menkaure.
Menkaure is heavily damaged.
Menkaure hits you.
* * * LOW HITPOINT WARNING * * *
You hit Menkaure.
Menkaure is severely damaged.
Menkaure barely misses you.
You barely miss Menkaure.
Menkaure is severely damaged.
Menkaure casts a spell at you. Pain shoots through your body!
You die...

##### #...### ..# +.....
#.# #.... #.# #..M# #.#
#..@# #.# ###.# #.#
#.#####.######### #.#
#.......#.......######'#
######..'.......+.......
#.##.......#####...
#.####.........'...
#.........######...
#.........# #.....


You could see Menkaure.

Vanquished Creatures
  A hound (D:3)
  An orc wizard (D:3)
  6 adders
  4 dart slugs (D:2)
  2 worms (D:2)
  4 orcs (D:3)
  3 bats
  3 endoplasms
  4 giant cockroaches
  4 goblins
  2 hobgoblins
  A kobold (D:2)
  2 quokkas
  A ball python (D:1)
  5 frilled lizards
  A rat (D:3)
44 creatures vanquished.

Notes
Turn   | Place    | Note
-------+----------+-------------------------------------------
     0 | D:1      | bande the Gargoyle Fighter began the quest for the Orb.
     0 | D:1      | Reached XP level 1. HP: 14/14 MP: 1/1
    37 | D:1      | Found a faded altar of an unknown god.
   627 | D:1      | Reached XP level 2. HP: 18/19 MP: 2/2
  1253 | D:2      | Identified the +0 ring mail "Wuiwoimait" {rC+}
  1300 | D:2      | Reached XP level 3. HP: 15/24 MP: 3/3
  1482 | D:2      | Gained mutation: You are covered in fur. (AC +1) [potion of
                  | mutation]
  1938 | D:3      | Found a broken altar of Ashenzari.
  2050 | D:3      | Reached XP level 4. HP: 26/29 MP: 4/4
  2132 | D:3      | Found a shimmering altar of Xom.
  2133 | D:3      | Found an ancient bone altar of Kikubaaqudgha.
  2321 | D:3      | Reached XP level 5. HP: 33/33 MP: 5/5
  2336 | D:3      | Found Beuntigh's Assorted Antiques.
  2411 | D:3      | Reached skill level 1 in Evocations
  3209 | D:4      | Noticed Menkaure
  3216 | D:4      | Killed from afar by Menkaure

Illustrated notes

Levels and vault maps discovered:
D:1:      minmay_arrival_diagonal_passages, layout_basic,
          ebering_ecumenical_altar_petrified
D:2:      layout_basic
D:3:      layout_basic, grunt_temple_overflow_open, serial_shops,
          nicolae_shop_trees, serial_bayou_pond_a
D:4:      layout_basic, minmay_misc_feat_rows, minmay_fractal_squares_gapless_5,
          uniq_menkaure

Skill      XL: |  1  2  3  4  5 |
---------------+----------------+-----
Axes           | 2 3 |  3.2
Fighting       | 4 |  4.2
Armour         | 4 |  4.2
Evocations     | 1 |  1.0
Shields        | |  3.7

Action                   |  1- 3 |  4- 6 || total
-------------------------+-------+-------++-------
Melee: War axe           |    89 |    89 ||   178
  Use: Scroll            |     4 |     2 ||     6
       Potion            |     1 |       ||     1
Armor: Scale mail        |    56 |    64 ||   120
       Chain mail        |       |     2 ||     2
Dodge: Dodged            |    47 |    46 ||    93
Block: Buckler           |    25 |    18 ||    43

Table legend: (Time is in decaauts)
 A = Elapsed time spent in this place.
 B = Non-inter-level travel time spent in this place.
 C = Inter-level travel time spent in this place.
 D = Time resting spent in this place.
 E = Time spent auto-exploring this place.
 F = Levels seen in this place.
 G = Mean time per level.
                   A        B        C        D        E       F      G
               +--------+--------+--------+--------+--------+-----+--------+
         Total |   3287 |   3261 |     26 |    419 |   2308 |   4 |  821.8 |
       Dungeon |   3287 |   3261 |     26 |    419 |   2308 |   4 |  821.8 |
               +--------+--------+--------+--------+--------+-----+--------+

Top non-repeatable levels by time:
     D:3: 1183 daAuts
     D:2: 1109 daAuts
     D:1: 862 daAuts
     D:4: 131 daAuts
